TOP OF THE 1ST |
Panama City Piranhas batting - Pitching for Austin Rangers : RHP John Wilkins
|
Pitching: RHP John Wilkins
|
|
Batting: RHB Baldomero Avino
|
0-0: Called Strike 0-1: Ball 1-1: Foul Ball, location: 2F 1-2: Foul Ball, location: 2F 1-2: Foul Ball, location: 2F 1-2: Ball 2-2: Strikes out looking
|
Batting: LHB Sergio Muńóz
|
0-0: SINGLE (Groundball, 6D)
|
Batting: RHB Raúl Ortíz
|
0-0: Ground out 5-3 (Groundball, 56S) Sergio Muńóz to second
|
Batting: RHB Juan Jose Ayala
|
0-0: Foul Ball, location: 2F 0-1: Ground out 4-3 (Groundball, 4)
|
Top of the 1st over - 0 run(s), 1 hit(s), 0 error(s), 1 left on base; Panama City 0 - Austin 0 |
BOTTOM OF THE 1ST |
Austin Rangers batting - Pitching for Panama City Piranhas : RHP Eduardo Capata
|
Pitching: RHP Eduardo Capata
|
|
Batting: RHB Miguel Morán
|
0-0: Ball 1-0: Ball 2-0: Called Strike 2-1: Ball 3-1: Ground out 5-3 (Groundball, 56)
|
Batting: LHB Héctor Cortéz
|
0-0: Called Strike 0-1: Foul Ball, location: 2F 0-2: Fly out, F9 (Flyball, 9D)
|
Batting: LHB Count Dante
|
0-0: Ball 1-0: Foul Ball, location: 2F 1-1: Foul Ball, location: 2F 1-2: Fly out, F8 (Flyball, 78M)
|
Bottom of the 1st over - 0 run(s), 0 hit(s), 0 error(s), 0 left on base; Panama City 0 - Austin 0 |
TOP OF THE 2ND |
Panama City Piranhas batting - Pitching for Austin Rangers : RHP John Wilkins
|
Batting: LHB Herman Hayes
|
0-0: Ball 1-0: Ball 2-0: Ball 3-0: Called Strike 3-1: Base on Balls
|
Batting: LHB Robert Adams
|
0-0: Fielders Choice at 2nd, 4-6 (Groundball, 4)
|
Batting: RHB Fernando Silva
|
0-0: Called Strike 0-1: Ball 1-1: Grounds into double play, 6-4-3 (Groundball, 6)
|
Top of the 2nd over - 0 run(s), 0 hit(s), 0 error(s), 0 left on base; Panama City 0 - Austin 0 |
BOTTOM OF THE 2ND |
Austin Rangers batting - Pitching for Panama City Piranhas : RHP Eduardo Capata
|
Batting: LHB Jesús Reyes
|
0-0: Ball 1-0: Called Strike 1-1: Ball 2-1: Fly out, F3 (Popup, 3L)
|
Batting: RHB Jeff Green
|
0-0: Ball 1-0: Ball 2-0: Swinging Strike 2-1: Swinging Strike 2-2: Foul Ball, location: 2F 2-2: Strikes out swinging
|
Batting: RHB Tony Hernández
|
0-0: Foul Ball, location: 2F 0-1: Ball 1-1: Called Strike 1-2: Ball 2-2: Ball 3-2: Ground out 6-3 (Groundball, 56)
|
Bottom of the 2nd over - 0 run(s), 0 hit(s), 0 error(s), 0 left on base; Panama City 0 - Austin 0 |
TOP OF THE 3RD |
Panama City Piranhas batting - Pitching for Austin Rangers : RHP John Wilkins
|
Batting: SHB Tsing Guao
|
0-0: Foul Ball, location: 2F 0-1: Ball 1-1: Called Strike 1-2: Ball 2-2: SINGLE (Groundball, 4MD)
|
Batting: LHB Steve Cunningham
|
0-0: Ball 1-0: Swinging Strike 1-1: Foul Ball, location: 2F 1-2: SINGLE (Line Drive, 8RS) Tsing Guao to second
|
Batting: RHB Baldomero Avino
|
0-0: Grounds into double play, 6-4-3 (Groundball, 6) Tsing Guao to third
|
Batting: LHB Sergio Muńóz
|
0-0: Called Strike 0-1: Called Strike 0-2: SINGLE (Line Drive, 34D) Tsing Guao scores
|
Batting: RHB Raúl Ortíz
|
0-0: Ball 1-0: Called Strike 1-1: Ground out 3-1 (Groundball, 34S)
|
Top of the 3rd over - 1 run(s), 3 hit(s), 0 error(s), 1 left on base; Panama City 1 - Austin 0 |
BOTTOM OF THE 3RD |
Austin Rangers batting - Pitching for Panama City Piranhas : RHP Eduardo Capata
|
Batting: RHB Matt Sheppard
|
0-0: Ball 1-0: Foul Ball, location: 2F 1-1: Ball 2-1: Foul Ball, location: 2F 2-2: Foul Ball, location: 2F 2-2: Ground out 5-3 (Groundball, 56)
|
Batting: RHB Rodney Hanna
|
0-0: Swinging Strike 0-1: Called Strike 0-2: Strikes out swinging
|
Batting: SHB Carlos Kramer
|
0-0: SINGLE (Groundball, 2L) (infield hit)
|
Batting: RHB Miguel Morán
|
0-0: Ball 1-0: Ball 2-0: Called Strike 2-1: Ball 3-1: Base on Balls Carlos Kramer to second
|
Batting: LHB Héctor Cortéz
|
0-0: Ground out U3 (Groundball, 34)
|
Bottom of the 3rd over - 0 run(s), 1 hit(s), 0 error(s), 2 left on base; Panama City 1 - Austin 0 |
TOP OF THE 4TH |
Panama City Piranhas batting - Pitching for Austin Rangers : RHP John Wilkins
|
Batting: RHB Juan Jose Ayala
|
0-0: Called Strike 0-1: Called Strike 0-2: Strikes out swinging
|
Batting: LHB Herman Hayes
|
0-0: Foul Ball, location: 2F 0-1: Swinging Strike 0-2: DOUBLE (Line Drive, 78XD)
|
Batting: LHB Robert Adams
|
0-0: Ball 1-0: Ball 2-0: Foul Ball, location: 2F 2-1: SINGLE (Line Drive, 9LS) Herman Hayes to third
|
Batting: RHB Fernando Silva
|
0-0: Called Strike 0-1: Swinging Strike 0-2: Ball 1-2: Hit by Pitch Robert Adams to second
|
Batting: SHB Tsing Guao
|
0-0: Ball 1-0: Fly out, F9 (Flyball, 9S)
|
Batting: LHB Steve Cunningham
|
0-0: Ball 1-0: Fielders Choice at 2nd, 4-6 (Groundball, 4)
|
Top of the 4th over - 0 run(s), 2 hit(s), 0 error(s), 2 left on base; Panama City 1 - Austin 0 |
BOTTOM OF THE 4TH |
Austin Rangers batting - Pitching for Panama City Piranhas : RHP Eduardo Capata
|
Batting: LHB Count Dante
|
0-0: DOUBLE (Line Drive, 7LM)
|
Batting: LHB Jesús Reyes
|
0-0: Called Strike 0-1: Fly out, F8 (Flyball, 8RXD) Runner from 2nd tags up, SAFE at 3rd, no throw
|
Batting: RHB Jeff Green
|
0-0: Called Strike 0-1: Called Strike 0-2: Ball 1-2: Foul Ball, location: 2F 1-2: Ball 2-2: Ground out 5-3 (Groundball, 56) Count Dante scores
|
Batting: RHB Tony Hernández
|
0-0: Ball 1-0: Swinging Strike 1-1: Ball 2-1: Called Strike 2-2: Strikes out swinging
|
Bottom of the 4th over - 1 run(s), 1 hit(s), 0 error(s), 0 left on base; Panama City 1 - Austin 1 |
TOP OF THE 5TH |
Panama City Piranhas batting - Pitching for Austin Rangers : RHP John Wilkins
|
Batting: RHB Baldomero Avino
|
0-0: Called Strike 0-1: Swinging Strike 0-2: SINGLE (Flyball, 78S)
|
Batting: LHB Sergio Muńóz
|
0-0: Fielders Choice at 2nd, 4-6 (Groundball, 4)
|
Batting: RHB Raúl Ortíz
|
0-0: Called Strike 0-1: Foul Ball, location: 2F 0-2: Ball 1-2: Ball 2-2: Ball 3-2: SINGLE (Groundball, 4MD) Sergio Muńóz to second Runner from 2nd tries for 3rd, SAFE, throw made to third
|
Batting: RHB Juan Jose Ayala
|
0-0: Ball 1-0: DOUBLE (Line Drive, 7LM) Sergio Muńóz scores Raúl Ortíz to third Runner from 3rd tries for Home, throw and OUT! Juan Jose Ayala to third
|
Batting: LHB Herman Hayes
|
0-0: 2-RUN HOME RUN (Flyball, 89XD), Distance : 424 ft
|
Batting: LHB Robert Adams
|
0-0: Ground out 4-3 (Groundball, 4)
|
Top of the 5th over - 3 run(s), 4 hit(s), 0 error(s), 0 left on base; Panama City 4 - Austin 1 |
BOTTOM OF THE 5TH |
Austin Rangers batting - Pitching for Panama City Piranhas : RHP Eduardo Capata
|
Batting: RHB Matt Sheppard
|
0-0: Ball 1-0: Ball 2-0: Foul Ball, location: 2F 2-1: Fly out, F9 (Flyball, 9S)
|
Batting: RHB Rodney Hanna
|
0-0: Called Strike 0-1: DOUBLE (Line Drive, 7LM)
|
Batting: SHB Carlos Kramer
|
0-0: Foul Ball, location: 2F 0-1: Called Strike 0-2: Ball 1-2: Ball 2-2: Strikes out swinging
|
Batting: RHB Miguel Morán
|
0-0: Ball 1-0: SINGLE (Line Drive, 7S) Rodney Hanna to third Runner from 3rd tries for Home, SAFE, no throw
|
Batting: LHB Héctor Cortéz
|
0-0: Called Strike 0-1: Fly out, F8 (Flyball, 89XD)
|
Bottom of the 5th over - 1 run(s), 2 hit(s), 0 error(s), 1 left on base; Panama City 4 - Austin 2 |
TOP OF THE 6TH |
Panama City Piranhas batting - Pitching for Austin Rangers : RHP John Wilkins
|
Batting: RHB Fernando Silva
|
0-0: Ball 1-0: Called Strike 1-1: Ball 2-1: Ball 3-1: Fly out, F8 (Line Drive, 8RD)
|
Batting: SHB Tsing Guao
|
0-0: Ball 1-0: Ball 2-0: Foul Ball, location: 2F 2-1: Foul Ball, location: 2F 2-2: Fly out, F8 (Flyball, 8RM)
|
Batting: LHB Steve Cunningham
|
0-0: Ball 1-0: Called Strike 1-1: Foul Ball, location: 2F 1-2: Ball 2-2: Ball 3-2: Fly out, F7 (Flyball, 78D)
|
Top of the 6th over - 0 run(s), 0 hit(s), 0 error(s), 0 left on base; Panama City 4 - Austin 2 |
BOTTOM OF THE 6TH |
Austin Rangers batting - Pitching for Panama City Piranhas : RHP Eduardo Capata
|
Batting: LHB Count Dante
|
0-0: Ball 1-0: Ball 2-0: Ground out 6-3 (Groundball, 6)
|
Batting: LHB Jesús Reyes
|
0-0: Called Strike 0-1: SOLO HOME RUN (Flyball, 89XD), Distance : 412 ft
|
Batting: RHB Jeff Green
|
0-0: Ball 1-0: Foul Ball, location: 2F 1-1: Foul Ball, location: 2F 1-2: Ball 2-2: Foul Ball, location: 2F 2-2: Fly out, F6 (Popup, 6)
|
Batting: RHB Tony Hernández
|
0-0: Ball 1-0: Called Strike 1-1: Ball 2-1: Foul Ball, location: 2F 2-2: Foul Ball, location: 2F 2-2: Foul Ball, location: 2F 2-2: Hit by Pitch
|
Batting: RHB Matt Sheppard
|
0-0: Called Strike 0-1: Ball 1-1: Foul Ball, location: 2F 1-2: Ball 2-2: Foul Ball, location: 2F 2-2: Fly out, F4 (Popup, 4S)
|
Bottom of the 6th over - 1 run(s), 1 hit(s), 0 error(s), 1 left on base; Panama City 4 - Austin 3 |
TOP OF THE 7TH |
Panama City Piranhas batting - Pitching for Austin Rangers : RHP John Wilkins
|
Batting: RHB Baldomero Avino
|
0-0: Ground out 4-3 (Groundball, P)
|
Batting: LHB Sergio Muńóz
|
0-0: Ball 1-0: Ball 2-0: Ball 3-0: Called Strike 3-1: Foul Ball, location: 2F 3-2: Foul Ball, location: 2F 3-2: Ground out 3-1 (Groundball, 34S)
|
Batting: RHB Raúl Ortíz
|
0-0: Ball 1-0: Ball 2-0: Swinging Strike 2-1: Ball 3-1: Base on Balls
|
Batting: RHB Juan Jose Ayala
|
0-0: Ball 1-0: SINGLE (Line Drive, 34D) Raúl Ortíz to second Runner from 2nd tries for 3rd, SAFE, throw made to third Juan Jose Ayala to second
|
Batting: LHB Herman Hayes
|
0-0: Ball 1-0: Ground out 4-3 (Groundball, 4)
|
Top of the 7th over - 0 run(s), 1 hit(s), 0 error(s), 2 left on base; Panama City 4 - Austin 3 |
BOTTOM OF THE 7TH |
Austin Rangers batting - Pitching for Panama City Piranhas : RHP Eduardo Capata
|
Batting: RHB Rodney Hanna
|
0-0: Ball 1-0: Called Strike 1-1: Swinging Strike 1-2: SINGLE (Groundball, 56D)
|
Pitching: RHP Anderson O'Mara
|
|
Batting: SHB Carlos Kramer
|
0-0: Ball 1-0: Bunted foul 1-1: Sac Bunt - play at first, batter OUT! 1-4 Rodney Hanna to second
|
Batting: RHB Miguel Morán
|
0-0: Ball 1-0: Ball 2-0: Ball 3-0: Called Strike 3-1: SINGLE (Line Drive, 6M) Rodney Hanna to third Runner from 3rd tries for Home, SAFE, no throw
|
Batting: LHB Héctor Cortéz
|
0-0: Called Strike 0-1: Foul Ball, location: 2F 0-2: Ball 1-2: Grounds into double play, 4-6-3 (Groundball, 4)
|
Bottom of the 7th over - 1 run(s), 2 hit(s), 0 error(s), 0 left on base; Panama City 4 - Austin 4 |
TOP OF THE 8TH |
Panama City Piranhas batting - Pitching for Austin Rangers : RHP John Wilkins
|
Batting: LHB Robert Adams
|
0-0: Ball 1-0: Fly out, F7 (Flyball, 78S)
|
Batting: RHB Fernando Silva
|
0-0: Called Strike 0-1: Foul Ball, location: 2F 0-2: Ball 1-2: Foul Ball, location: 2F 1-2: Foul Ball, location: 2F 1-2: Foul Ball, location: 2F 1-2: Ball 2-2: Foul Ball, location: 2F 2-2: Foul Ball, location: 2F 2-2: Fly out, F6 (Flyball, 6D)
|
Batting: SHB Tsing Guao
|
0-0: Called Strike 0-1: Ball 1-1: Ball 2-1: Ground out 1-3 (Groundball, 15S)
|
Top of the 8th over - 0 run(s), 0 hit(s), 0 error(s), 0 left on base; Panama City 4 - Austin 4 |
BOTTOM OF THE 8TH |
Austin Rangers batting - Pitching for Panama City Piranhas : RHP Anderson O'Mara
|
Batting: LHB Count Dante
|
0-0: Foul Ball, location: 2F 0-1: Foul Ball, location: 2F 0-2: Ground out U3 (Groundball, 34)
|
Batting: LHB Jesús Reyes
|
0-0: Called Strike 0-1: Ground out 6-3 (Groundball, 6)
|
Batting: RHB Jeff Green
|
0-0: Ball 1-0: Ball 2-0: Ball 3-0: Base on Balls
|
Batting: RHB Tony Hernández
|
0-0: Called Strike 0-1: Foul Ball, location: 2F 0-2: Foul Ball, location: 2F 0-2: Foul Ball, location: 2F 0-2: Ball 1-2: Ball 2-2: SINGLE (Groundball, 6MD) Jeff Green to second
|
Batting: RHB Matt Sheppard
|
0-0: Foul Ball, location: 2F 0-1: Fielders Choice at 2nd, 6-4 (Groundball, 6)
|
Bottom of the 8th over - 0 run(s), 1 hit(s), 0 error(s), 1 left on base; Panama City 4 - Austin 4 |
TOP OF THE 9TH |
Panama City Piranhas batting - Pitching for Austin Rangers : RHP John Wilkins
|
Pitching: RHP Gavin Blackburn
|
|
Batting: LHB Steve Cunningham
|
0-0: Called Strike 0-1: Ball 1-1: Foul Ball, location: 2F 1-2: Ball 2-2: Strikes out looking
|
Batting: RHB Baldomero Avino
|
0-0: Foul Ball, location: 2F 0-1: DOUBLE (Line Drive, 7D)
|
Batting: LHB Sergio Muńóz
|
0-0: Ball 1-0: Swinging Strike 1-1: Swinging Strike 1-2: Ball 2-2: Foul Ball, location: 2F 2-2: Fly out, F7 (Flyball, 7LS)
|
Batting: RHB Raúl Ortíz
|
0-0: Called Strike 0-1: SINGLE (Groundball, 56D) Baldomero Avino to third Runner from 3rd tries for Home, SAFE, no throw
|
Batting: RHB Juan Jose Ayala
|
0-0: Ball 1-0: Ball 2-0: Fielders Choice at 2nd, 5-4 (Groundball, 56)
|
Top of the 9th over - 1 run(s), 2 hit(s), 0 error(s), 0 left on base; Panama City 5 - Austin 4 |
BOTTOM OF THE 9TH |
Austin Rangers batting - Pitching for Panama City Piranhas : RHP Anderson O'Mara
|
Pitching: RHP Edgardo Marín
|
|
Batting: RHB Rodney Hanna
|
0-0: SINGLE (Groundball, 56S) (infield hit)
|
Batting: SHB Carlos Kramer
|
0-0: Ball 1-0: Foul Ball, location: 2F 1-1: Sac Bunt - play at first, batter OUT! 1-3 Rodney Hanna to second
|
Batting: RHB Miguel Morán
|
0-0: Ball 1-0: SINGLE (Groundball, 6MD) Rodney Hanna to third Runner from 3rd tries for Home, SAFE, no throw
|
Batting: LHB Héctor Cortéz
|
0-0: Ball Wild Pitch! Miguel Morán to second 1-0: Ball 2-0: Called Strike 2-1: Ball 3-1: Called Strike 3-2: Base on Balls
|
Batting: LHB Count Dante
|
0-0: Ball 1-0: Ball 2-0: Ball 3-0: Called Strike 3-1: Base on Balls Miguel Morán to third Héctor Cortéz to second
|
Batting: LHB Jesús Reyes
|
0-0: Foul Ball, location: 2F 0-1: Ball 1-1: Ball 2-1: Ball 3-1: Foul Ball, location: 2F 3-2: SINGLE (Line Drive, 4MD) Miguel Morán scores
|
Saturday, May 26th, 2018 - OOTP Baseball 17.12 Build 75
|
|